 Dungeon Crawl Stone Soup version 0.22.1-2-g9c5b331 (webtiles) character file.

117 retrovino the Skirmisher (level 5, -1/46 HPs)
             Began as a Hill Orc Fighter on Dec 26, 2018.
             Slain by Sigmund
             ... wielding a +0 scythe
              (13 damage)
             ... on level 3 of the Dungeon.
             The game lasted 00:19:52 (2486 turns).

retrovino the Skirmisher (Hill Orc Fighter)         Turns: 2486, Time: 00:19:53

Health: -1/46      AC:  3    Str: 19    XL:     5   Next: 1%
Magic:  5/5        EV:  8    Int:  8    God:
Gold:   105        SH:  9    Dex: 11    Spells: 4/4 levels left

rFire    . . .     SeeInvis .   d - +0 flail (holy)
rCold    . . .     Gourm    .   c - +0 shield
rNeg     . . .     Faith    .   p - +0 leather armour (curse)
rPois    .         Spirit   .   (no helmet)
rElec    .         Reflect  .   (no cloak)
rCorr    .         Harm     .   (no gloves)
MR       .....                  (no boots)
Stlth    +.........             (no amulet)
HPRegen  0.15/turn              (no ring)
MPRegen  0.09/turn              (no ring)

@: no status effects
A: no striking features
a: no special abilities


You were on level 3 of the Dungeon.
You were not hungry.

You visited 1 branch of the dungeon, and saw 3 of its levels.

You collected 105 gold pieces.

Inventory:

Hand Weapons
 a - a +0 rapier
 d - a +0 flail of holy wrath (weapon)
 g - a +0 club
 h - a +0 dagger
 r - a cursed -1 club
 u - a +0 mace
 v - a +4 war axe
 z - a +2 dagger of pain
 B - a +0 short sword
 H - a +0 club
 O - a +0 mace
 R - a +0 club
 S - a +0 hunting sling
 U - a +0 flail
 X - a +0 whip
Missiles
 i - a throwing net (quivered)
 m - 37 arrows
 N - 21 poisoned needles
 T - 14 stones
Armour
 b - a +0 scale mail
 c - a +0 shield (worn)
 o - a +0 ring mail
 p - a cursed +0 leather armour (worn)
 q - a +0 pair of gloves
 s - a +0 leather armour
 y - a +0 chain mail
 I - a +0 robe
 J - a +0 ring mail
 L - a +0 scale mail
 Q - a +2 robe of positive energy
 V - a +0 pair of boots
Jewellery
 C - a cursed ring of teleportation {unknown}
 D - an uncursed ring of flight {unknown}
 E - an uncursed amulet of magic regeneration {unknown}
 W - an uncursed ring of stealth {unknown}
Wands
 P - a wand of iceblast (8)
Scrolls
 e - 3 scrolls of immolation {unknown}
 j - a scroll of teleportation {unknown}
 k - 2 scrolls of identify {unknown}
 x - 2 scrolls of remove curse {unknown}
 A - a scroll of enchant armour {unknown}
 K - a scroll of fear {unknown}
 M - a scroll of random uselessness {unknown}
Potions
 l - a potion of agility {unknown}
 n - a potion of heal wounds {unknown}
 t - a potion of resistance {unknown}
 w - a potion of berserk rage {unknown}
 F - a potion of ambrosia {unknown}
 G - a potion of mutation {unknown}
Comestibles
 f - a ration


   Skills:
 + Level 4.1 Fighting
 + Level 3.7 Short Blades
 + Level 0.3 Maces & Flails
 + Level 4.0 Armour
 + Level 0.3 Dodging
 + Level 3.7 Shields


You had 4 spell levels left.
You didn't know any spells.
Your spell library was empty.

Dungeon Overview and Level Annotations

Branches:
Dungeon (3/15)

Altars:

Annotations:
D:3 Sigmund


Message History

You feel less confused.
Sigmund breathes a few words.
Sigmund's hands start flickering wildly.
Sigmund casts a spell at you.
You are confused.
Sigmund closely misses you. Sigmund hits you with a scythe!
* * * LOW HITPOINT WARNING * * *
You bump into the rock wall.
You bump into the rock wall.
Sigmund hits you with a scythe.
* * * LOW HITPOINT WARNING * * *
You feel less confused. Sigmund barely misses you.
Number of times to repeat, then command key: You must enter the number of times for the command to repeat.
Unknown command.
Unknown command.
Sigmund hits you but does no damage.
Sigmund hits you from afar with a scythe!
You die...

......#.#....##.....#
.#.#.$..............#
........#....##.....###
#........###..........#
#.###...####.)###.###.#
# ##.......@# #.# #.#
#.######.# #.# #.# #.#
#.###.###.# ##'##
#.@.@.....# ##...##
#####.##### ##.....##
##.# #.......# ##..#
#.........####...##
+.........+.......#
#.........####..)##
##.......## ##..#
##.....## ###.#


You could see Sigmund.

Vanquished Creatures
  Jessica (D:2)
  Terence (D:2)
  2 adders (D:2)
  An ooze (D:1)
  A dart slug (D:3)
  A leopard gecko (D:1)
  4 bats
  A giant cockroach (D:1)
  7 goblins
  6 hobgoblins
  2 ball pythons
  3 frilled lizards
  4 kobolds
  11 rats
45 creatures vanquished.

Notes
Turn   | Place    | Note
-------+----------+-------------------------------------------
     0 | D:1      | retrovino the Hill Orc Fighter began the quest for the Orb.
     0 | D:1      | Reached XP level 1. HP: 19/19 MP: 1/1
    66 | D:1      | Reached XP level 2. HP: 23/27 MP: 2/2
   333 | D:1      | Reached XP level 3. HP: 20/33 MP: 3/3
  1428 | D:2      | Reached XP level 4. HP: 39/40 MP: 4/4
  1472 | D:2      | Noticed Jessica
  1477 | D:2      | Killed Jessica
  1537 | D:2      | Noticed Terence
  1551 | D:2      | Killed Terence
  2447 | D:3      | Reached XP level 5. HP: 32/46 MP: 5/5
  2455 | D:3      | Noticed Sigmund
  2486 | D:3      | Slain by Sigmund

Skill      XL: |  1  2  3  4 |
---------------+-------------+-----
Fighting       | 4 |  4.1
Short Blades   | 3 |  3.7
Armour         | 4 |  4.0
Maces & Flails | |  0.3
Dodging        | |  0.3
Shields        | |  3.7

Action                   |  1- 3 |  4- 6 || total
-------------------------+-------+-------++-------
Melee: Rapier            |    92 |    14 ||   106
       Flail             |       |    17 ||    17
  Use: Potion            |     1 |     1 ||     2
  Eat: Ration            |     1 |     1 ||     2
Armor: Scale mail        |    29 |     3 ||    32
       Leather armour    |       |     1 ||     1
Dodge: Dodged            |    33 |    17 ||    50
Block: Shield            |    46 |    12 ||    58
